 Dungeon Sprint DCSS version 0.20.1-1-g8b1a95d (webtiles) character file.

1253 equalderp2856 the Protected (level 8, -3/83 HPs)
             Began as a Minotaur Fighter on Oct 11, 2017.
             Was an Initiate of Gozag.
             Slain by a centaur warrior (10 damage)
             ... in the Dungeon (Sprint I: "Red Sonja").
             The game lasted 00:01:46 (815 turns).

equalderp2856 the Protected (Minotaur Fighter)       Turns: 815, Time: 00:01:46

Health: -3/83      AC:  9    Str: 21    XL:     8   Next: 26%
Magic:  7/7        EV:  9    Int:  5    God:    Gozag
Gold:   459        SH: 12    Dex: 12    Spells: 7/7 levels left

rFire    . . .     SeeInvis .   a - +0 war axe
rCold    . . .     Gourm    .   c - +0 shield
rNeg     . . .     Faith    .   b - +0 scale mail
rPois    .         Spirit   .   (helmet restricted)
rElec    .         Reflect  .   (no cloak)
rCorr    .         Harm     .   (no gloves)
MR       .....     NoTele   +   (no boots)
Stlth    ..........             (no amulet)
Regen    0.3/turn               (no ring)
MPRegen  0.1/turn               (no ring)

@: gold aura, hasted, very quick
A: retaliatory headbutt, horns 2
a: Potion Petition, Call Merchant, Bribe Branch, Renounce Religion


You were in the Dungeon.
You worshipped Gozag.
Gozag was aware of your devotion.
You were not hungry.

You visited 1 branch You collected 459 gold pieces.

Inventory:

Hand Weapons
 a - a +0 war axe (weapon)
Armour
 b - a +0 scale mail (worn)
 c - a +0 shield (worn)
 n - the cursed +0 hat of Keloun {rF+ MR+ Str+2 Int+3, unknown}
   (You found it in the Dungeon)

   It affects your strength (+2).
   It affects your intelligence (+3).
   It protects you from fire.
   It affects your resistance to hostile enchantments.
   It has a curse placed upon it.
Wands
 m - a wand of random effects (8/48)
Scrolls
 k - 2 scrolls of blinking
Potions
 d - a potion of might
 i - 2 potions of magic
 j - a potion of berserk rage
 l - a potion of flight {unknown}
Comestibles
 f - a bread ration


   Skills:
 + Level 11.7 Fighting
 + Level 9.5 Axes
 + Level 11.9 Armour
 + Level 0.4 Dodging
 + Level 11.9 Shields


You had 7 spell levels left.
You didn't know any spells.

Dungeon Overview and Level Annotations

Branches:
Dungeon (1/1)

Altars:
Cheibriados
Dithmenos
Elyvilon
Fedhas
Gozag
Hepliaklqana
Kikubaaqudgha
Makhleb
Nemelex Xobeh
Okawaru
Qazlal
Ru
Sif Muna
Trog
Uskayaw
Vehumet
Xom
Yredelemnul
Zin
The Shining One
Jiyva
Lugonu

Shops:
D }


Innate Abilities, Weirdness & Mutations

You reflexively headbutt those who attack you in melee.
You have a pair of horns on your head.


Message History

Unknown command.
You hit the centaur warrior.
The centaur warrior is moderately wounded.
The centaur warrior completely misses you.
The centaur warrior hits you but does no damage.
Unknown command.
You feel yourself speed up. The centaur warrior barely misses you.
You furiously retaliate!
You headbutt the centaur warrior.
Unknown command.
You barely miss the centaur warrior.
Your headbutt misses the centaur warrior.
The centaur warrior is moderately wounded.
The centaur warrior hits you.
* * * LOW HITPOINT WARNING * * *
You hit the centaur warrior.
Your headbutt misses the centaur warrior.
The centaur warrior is moderately wounded.
The centaur warrior hits you!
You die...
Your body crumbles into a pile of gold.

#####################
<.#..').#..'..#__#..+
$$
..').#..').#..'..'..# $
..#####'#####'#__#### $
..####..#...#.####§§# $
$
..#__####..##.#≈§§§§#$$
$ ..#_____##'#..'≈≈≈.§+
$
⌠⌠#_.∩...'÷.§_#c§§..#$$
$ ###_..__##_.#'##@####
$$#_____###+#(#[$((# $
####### ####+### $ $ $
$$ $$ $ $ $ $ $ $$


$$$$ $ $ $ $$$$ $ $ $ $ $$$$ $ $ $$$ You could see a centaur warrior.

Vanquished Creatures
  A centaur warrior (D)
  A slime creature (D)
  Sigmund (D)
  A yak (D)
  An ogre (D)
  A jelly (D)
  Ijyb (D)
7 creatures vanquished.

Vanquished Creatures (others)
  A gargoyle (D)
1 creature vanquished.

Grand Total: 8 creatures vanquished

Notes
Turn   | Place    | Note
-------+----------+-------------------------------------------
     0 | D        | equalderp2856 the Minotaur Fighter began the quest for the Orb.
     0 | D        | Reached XP level 1. HP: 19/19 MP: 0/0
     2 | D        | Noticed Ijyb
     6 | D        | Killed Ijyb
     6 | D        | Reached skill level 5 in Fighting
     6 | D        | Reached skill level 5 in Armour
     6 | D        | Reached skill level 5 in Shields
     6 | D        | Reached XP level 2. HP: 29/29 MP: 1/1
    10 | D        | Noticed an ogre
    14 | D        | Killed an ogre
    14 | D        | Reached XP level 3. HP: 11/39 MP: 2/2
    14 | D        | Reached XP level 4. HP: 13/47 MP: 3/3
   245 | D        | Noticed Sigmund
   251 | D        | Killed Sigmund
   251 | D        | Reached skill level 5 in Axes
   251 | D        | Reached XP level 5. HP: 47/57 MP: 4/4
   312 | D        | Found a deep blue altar of Sif Muna.
   314 | D        | Found a radiant altar of Vehumet.
   319 | D        | Reached XP level 6. HP: 53/63 MP: 5/5
   375 | D        | Found Zief's Gadget Emporium.
   375 | D        | Found an ancient bone altar of Kikubaaqudgha.
   375 | D        | Found a hazy altar of Hepliaklqana.
   375 | D        | Found a stormy altar of Qazlal.
   375 | D        | Found a hide-covered altar of Uskayaw.
   375 | D        | Found a blossoming altar of Fedhas.
   375 | D        | Found a bloodstained altar of Trog.
   375 | D        | Found an iron altar of Okawaru.
   375 | D        | Found a basalt altar of Yredelemnul.
   375 | D        | Found a glowing golden altar of the Shining One.
   375 | D        | Found a snail-covered altar of Cheibriados.
   375 | D        | Found a sacrificial altar of Ru.
   375 | D        | Found a glowing silver altar of Zin.
   375 | D        | Found a shadowy altar of Dithmenos.
   375 | D        | Found a white marble altar of Elyvilon.
   375 | D        | Noticed a yak
   383 | D        | Killed a yak
   383 | D        | Reached skill level 10 in Fighting
   383 | D        | Reached skill level 10 in Armour
   385 | D        | Found an opulent altar of Gozag.
   408 | D        | Killed a gargoyle
   486 | D        | Found a sparkling altar of Nemelex Xobeh.
   493 | D        | Became a worshipper of Gozag Ym Sagoz the Greedy
   515 | D        | Found a burning altar of Makhleb.
   515 | D        | Found a viscous altar of Jiyva.
   515 | D        | Found a shimmering altar of Xom.
   515 | D        | Found a corrupted altar of Lugonu.
   515 | D        | Noticed a slime creature
   526 | D        | Killed a slime creature
   526 | D        | Reached skill level 10 in Shields
   526 | D        | Reached XP level 7. HP: 32/73 MP: 6/6
   736 | D        | Noticed a centaur warrior
   741 | D        | Noticed a centaur warrior
   795 | D        | Got a shimmering hat
   810 | D        | Killed a centaur warrior
   810 | D        | Reached XP level 8. HP: 19/83 MP: 7/7
   815 | D        | Slain by a centaur warrior

Skill      XL: |  1  2  3  4  5  6  7 |
---------------+----------------------+-----
Fighting       | 5 7 9 10 11 | 11.7
Axes           | 3 4 5 7 9 |  9.5
Armour         | 5 7 9 10 11 | 11.9
Shields        | 5 7 8 10 11 | 11.9
Dodging        | |  0.4

Action                   |  1- 3 |  4- 6 |  7- 9 || total
-------------------------+-------+-------+-------++-------
Melee: War axe           |     6 |    25 |    11 ||    42
       Headbutt          |       |     6 |     3 ||     9
  Use: Potion            |       |       |     3 ||     3
Armor: Scale mail        |     1 |     5 |     5 ||    11
Dodge: Dodged            |     1 |     2 |     7 ||    10
Block: Shield            |     2 |    10 |    18 ||    30
